 Dungeon Crawl Stone Soup version 0.29-a0-330-g52719c12eb (webtiles) character file.

Game seed: 9668852545893937232

127 kae the Firebug (level 4, -3/25 HPs)
             Began as a Deep Elf Fire Elementalist on Apr 19, 2022.
             Slain by a gnoll
             ... wielding a +0 halberd
              (12 damage)
             ... on level 3 of the Dungeon.
             The game lasted 00:01:38 (3089 turns).

kae the Firebug (Deep Elf Fire Elementalist)        Turns: 3089, Time: 00:01:39

Health: -3/25      AC:  2    Str:  5    XL:     4   Next: 85%
Magic:  9/12       EV: 12    Int: 22    God:
Gold:   216        SH:  0    Dex: 15    Spells: 5/11 levels left

rFire   . . .      SeeInvis .   g - +2 dagger (speed)
rCold   . . .      Faith    .   (no shield)
rNeg    . . .      Spirit   .   a - +0 robe
rPois   .          Reflect  .   (no helmet)
rElec   .          Harm     .   (no cloak)
rCorr   .          Rampage  .   (no gloves)
Will    .....                   (no boots)
Stlth   ++........              j - amulet of regeneration
HPRegen 0.88/turn               (no ring)
MPRegen 0.13/turn               (no ring)

@: no status effects
A: no striking features
a: no special abilities


You were on level 3 of the Dungeon.
You visited 1 branch of the dungeon, and saw 4 of its levels.

You collected 216 gold pieces.

Inventory:

Hand Weapons
 e - a +0 short sword
 g - a +2 dagger of speed (weapon)
Missiles
 i - a throwing net
Armour
 a - a +0 robe (worn)
 c - the +2 scale mail of the Comet {Contam +Blink rElec Will+}
   (You found it on level 3 of the Dungeon)

   rElec:     It insulates you from electricity.
   +Blink:    It lets you blink.
   Contam:    It causes magical contamination when unequipped.
   Will:      It increases your willpower.
Jewellery
 j - an amulet of regeneration (around neck)
 k - an amulet of the acrobat
Wands
 o - a wand of flame (6)
Scrolls
 d - a scroll of amnesia {unknown}
 f - a scroll of teleportation
 h - a scroll of vulnerability
 n - a scroll of identify
Potions
 b - 2 potions of magic
 l - a potion of cancellation
 m - a potion of might {unknown}


   Skills:
 + Level 1.4 Fighting
 - Level 2.4 Dodging
 - Level 2.4 Stealth
 + Level 4.1 Spellcasting
 + Level 2.3 Conjurations
 * Level 4.6 Fire Magic


You had 5 spell levels left.
You knew the following spells:

 Your Spells              Type           Power      Damage    Failure   Level
a - Foxfire               Conj/Fire      80%        2x1d8     2%          1
b - Scorch                Fire           50%        2d7       2%          2
c - Conjure Flame         Conj/Fire      20%        6-21      8%          3

Your spell library contained the following spells:

 Spells                   Type           Power      Damage    Failure   Level
 Beastly Appendage        Tmut           8%         N/A       11%         1
 Inner Flame              Hex/Fire       14%        N/A       13%         3
 Wereblood                Tmut           4%         N/A       17%         2
 Flame Wave               Conj/Fire      20%        2d7       26%         4
 Spider Form              Tmut/Pois      4%         N/A       32%         3


Dungeon Overview and Level Annotations

Branches:
Dungeon (4/15)
 Temple: D:4-7

Altars:

Shops:
D:3 (


Message History

o - a wand of flame (6)
A gnoll comes into view. It is wielding a +0 flail.
Found a scroll of noise.
The gnoll shouts!
The gnoll moves out of view.
A gnoll comes into view. It is wielding a +0 halberd.
A gnoll is nearby!
A gnoll is nearby!
A gnoll is nearby!
A gnoll comes into view. It is wielding a +0 whip.
You start waiting.
A gnoll is nearby!
The gnoll shouts!
Casting: Scorch (safe; 2% risk of failure)
Confirm with . or Enter, or press ? or * to list all spells.
You conjure some foxfire!
The foxfire hits the gnoll.
The gnoll is heavily wounded.
The foxfire hits the gnoll.
The gnoll is severely wounded.
The gnoll hits you from afar with a +0 halberd!
Casting: Foxfire (safe; 2% risk of failure)
Confirm with . or Enter, or press ? or * to list all spells.
You conjure some foxfire!
The gnoll hits you from afar with a +0 halberd!
* * * LOW HITPOINT WARNING * * *
The foxfire hits the gnoll but does no damage.
The gnoll is severely wounded.
The foxfire hits the gnoll.
The gnoll is severely wounded.
The gnoll closely misses you.
Casting: Foxfire (safe; 2% risk of failure)
Confirm with . or Enter, or press ? or * to list all spells.
You conjure some foxfire!
The gnoll barely misses you.
The foxfire hits the gnoll but does no damage.
The gnoll is severely wounded.
The foxfire hits the gnoll.
The gnoll is almost dead.
The gnoll hits you from afar with a +0 halberd!
You die...

.# #..#.#
.# ##.#.#
.# #...# .#
########..#
.#
#........>#
##
#.#########
#.##.....#
#ยง##.###.#
#@.g.#...#
######.###
#.# #.# #g#
#.# #g# #?#
#..


You could see a gnoll.

Vanquished Creatures
  Jessica (D:3)
  3 adders (D:2)
  A worm (D:2)
  4 dart slugs
  6 ball pythons
  7 endoplasms
  5 giant cockroaches
  3 goblins
  6 hobgoblins
  2 quokkas (D:1)
  7 bats
  7 frilled lizards (D:1)
  5 kobolds
  5 rats
62 creatures vanquished.

Vanquished Creatures (others)
  190 foxfires
190 creatures vanquished.

Grand Total: 252 creatures vanquished

Notes
Turn   | Place    | Note
-------+----------+-------------------------------------------
     0 | D:1      | kae the Deep Elf Fire Elementalist began the quest for the
                  | Orb.
     0 | D:1      | Reached XP level 1. HP: 10/10 MP: 6/6
   564 | D:1      | Reached XP level 2. HP: 15/15 MP: 6/8
   602 | D:1      | Learned a level 2 spell: Scorch
  1086 | D:1      | Reached XP level 3. HP: 20/20 MP: 5/9
  1220 | D:1      | Found a faded altar of an unknown god.
  1588 | D:2      | Reached skill level 1 in Fighting
  1808 | D:2      | Reached XP level 4. HP: 17/25 MP: 4/11
  2689 | D:3      | Learned a level 3 spell: Conjure Flame
  2750 | D:3      | Noticed Jessica
  2758 | D:3      | Killed Jessica
  2835 | D:3      | Identified the +2 scale mail of the Comet {Contam +Blink
                  | rElec Will+}
  2919 | D:3      | You fall into a shaft and drop 1 floor!
  3013 | D:3      | Found Xeaqolum's Antique Weapon Shoppe.
  3089 | D:3      | Slain by a gnoll

Illustrated notes

Levels and vault maps discovered:
D:1:      dpeg_arrival_houses_and_road, layout_rooms,
          shapermc_ecumenical_altar_notcrosses, minmay_lizard_pond
D:2:      minmay_recursive_quarters, layout_loops_ring
D:3:      layout_basic, serial_shops, shop_fountains, uniq_sigmund,
          uniq_natasha, uniq_jessica
D:4:      layout_loops_ring, serial_shops, shop, st_stairs_13

Skill      XL: |  1  2  3  4 |
---------------+-------------+-----
Fire Magic     | 4 |  4.6
Fighting       | 1 |  1.4
Conjurations   | 2 |  2.3
Spellcasting   | 4 |  4.1
Dodging        | |  2.4
Stealth        | |  2.4

Action                   |  1- 3 |  4- 6 || total
-------------------------+-------+-------++-------
Melee: Unarmed           |     1 |       ||     1
       Short sword       |    14 |       ||    14
       Dagger            |     2 |       ||     2
 Cast: Foxfire           |    83 |    33 ||   116
       Scorch            |     3 |     9 ||    12
  Use: Potion            |     1 |       ||     1
       Scroll            |     3 |     2 ||     5
Armor: Robe              |     5 |     1 ||     6
Dodge: Dodged            |    20 |    11 ||    31

Table legend: (Time is in decaauts)
 A = Elapsed time spent in this place.
 B = Non-inter-level travel time spent in this place.
 C = Inter-level travel time spent in this place.
 D = Time resting spent in this place.
 E = Time spent auto-exploring this place.
 F = Levels seen in this place.
 G = Mean time per level.
                   A        B        C        D        E       F      G
               +--------+--------+--------+--------+--------+-----+--------+
         Total |   3092 |   3040 |     52 |      4 |   2582 |   4 |  773.0 |
       Dungeon |   3092 |   3040 |     52 |      4 |   2582 |   4 |  773.0 |
               +--------+--------+--------+--------+--------+-----+--------+

Top non-repeatable levels by time:
     D:1: 1324 daAuts
     D:2: 1214 daAuts
     D:3: 498 daAuts
     D:4: 54 daAuts
